 Dungeon Crawl Stone Soup version 0.29.0-11-gd7f09526c8 (webtiles) character file.

Game seed: 10059218259627566019

1144 VictoriousLee the Sneak (level 8, 0/37 HPs)
             Began as a Spriggan Transmuter on Sept 4, 2022.
             Was a Follower of Wu Jian.
             Slain by a water moccasin (7 damage)
             ... on level 5 of the Dungeon.
             The game lasted 00:27:52 (7490 turns).

VictoriousLee the Sneak (Spriggan Transmuter)       Turns: 7490, Time: 00:27:53

Health: 0/37       AC:  6    Str:  6    XL:     8   Next: 15%
Magic:  13/13      EV: 20    Int: 23    God:    Wu Jian [*.....]
Gold:   276        SH:  0    Dex: 20    Spells: 4/12 levels left

rFire   . . .      SeeInvis +     - Unarmed
rCold   . . .      Faith    .   (shield currently unavailable)
rNeg    . . .      Spirit   .   (body armour currently unavailable)
rPois   x          Reflect  .   (helmet currently unavailable)
rElec   .          Harm     .   (cloak currently unavailable)
rCorr   .          Rampage  .   (gloves unavailable)
Will    +....                   (boots unavailable)
Stlth   ++++......              (no amulet)
HPRegen 0.12/turn               B - +6 ring of intelligence
MPRegen 0.13/turn               G - +4 ring of protection

@: lethally poisoned (0 -> -2), spider-form
A: venomous fangs, tiny, no large weapons, unfitting armour, see invisible,
(speed 3)
a: End Transformation, Renounce Religion


You were on level 5 of the Dungeon.
You worshipped Wu Jian.
Wu Jian was aware of your devotion.
You were a venomous arachnid creature.
You visited 2 branches of the dungeon, and saw 6 of its levels.

You collected 276 gold pieces.

Inventory:

Hand Weapons
 g - a +0 shortbow
 t - a +0 dagger of venom (melded)
 x - a +0 falchion
Missiles
 A - 7 poisoned darts
 D - 2 atropa-tipped darts
Armour
 i - a +0 robe
 k - +0 ice dragon scales
 r - a +1 animal skin (melded)
 L - an orb of mayhem
Jewellery
 a - a ring of wizardry
 n - an amulet of magic regeneration
 B - a +6 ring of intelligence (left front leg)
 G - a +4 ring of protection (right front leg)
 H - a ring of resist corrosion
Wands
 h - a wand of acid (4)
 s - a wand of iceblast (7)
 y - a wand of polymorph (7)
 E - a wand of flame (23)
 K - a wand of mindburst (7)
Scrolls
 e - 2 scrolls of silence {unknown}
 l - a scroll of poison {unknown}
 m - 2 scrolls of teleportation
 q - 2 scrolls of enchant armour
 v - 2 scrolls of noise {unknown}
 w - a scroll of identify {unknown}
 J - a scroll of torment {unknown}
Potions
 b - 2 potions of lignification
 c - 2 potions of flight {unknown}
 d - 2 potions of heal wounds {unknown}
 f - a potion of haste {unknown}
 j - a potion of ambrosia {unknown}
 o - 3 potions of brilliance {unknown}
 p - 2 potions of might {unknown}
 u - 4 potions of curing {unknown}
 z - a potion of degeneration {unknown}
 C - a potion of magic {unknown}
 F - 2 potions of mutation {unknown}
 I - a potion of attraction {unknown}


   Skills:
 - Level 0.7 Fighting
 - Level 4.2 Short Blades
 - Level 2.6 Dodging
 + Level 7.2 Stealth
 - Level 2.4 Unarmed Combat
 - Level 2.6 Spellcasting
 - Level 6.7 Transmutations
 - Level 4.1 Poison Magic
 + Level 4.3 Evocations


You had 4 spell levels left.
You knew the following spells:

 Your Spells              Type           Power      Damage    Failure   Level
a - Beastly Appendage     Tmut           68%        N/A       4%          1
b - Spider Form           Tmut/Pois      27%        N/A       12%         3
c - Ice Form              Ice/Tmut       18%        N/A       52%         4

Your spell library contained the following spells:

 Spells                   Type           Power      Damage    Failure   Level
 Wereblood                Tmut           34%        N/A       5%          2
 Foxfire                  Conj/Fire      12%        2x1d4     28%         1
 Conjure Flame            Conj/Fire      3%         6-21      56%         3
 Inner Flame              Hex/Fire       3%         N/A       56%         3
 Flame Wave               Conj/Fire      3%         2d5       89%         4


Dungeon Overview and Level Annotations

Branches:
Dungeon (5/15)             Temple (1/1) D:4

Altars:
Ashenzari
Cheibriados
Dithmenos
Elyvilon
Fedhas
Gozag
Kikubaaqudgha
Makhleb
Nemelex Xobeh
Okawaru
Qazlal
Sif Muna
Uskayaw
Vehumet
Wu Jian
Xom
Yredelemnul
Zin
The Shining One

Annotations:
Temple 2 transporters


Innate Abilities, Weirdness & Mutations

You are a venomous arachnid creature.
You have poisonous fangs.
You are tiny and dextrous.
Your spellcasting is less reliable in this form.
Your armour is entirely melded.
You are incapable of wielding weapons or throwing items.
You are very small and have problems with some larger weapons.
You are too small for most types of armour.
You have supernaturally acute eyesight. (SInv)
((You cover ground extremely quickly. (Speed+++)))


Message History

The water moccasin is lightly wounded.
The water moccasin bites you but does no damage.
You spin and attack the water moccasin.
You barely miss the water moccasin.
The water moccasin is lightly wounded.
The water moccasin bites you but does no damage.
The water moccasin closely misses you. The water moccasin barely misses you.
You barely miss the water moccasin.
The water moccasin is lightly wounded.
The water moccasin bites you.
You are poisoned.
The water moccasin poisons you!
You hit the water moccasin.
The water moccasin is moderately wounded.
You feel very sick. The water moccasin misses you.
You hit the water moccasin.
The water moccasin is heavily wounded.
You feel very sick.
The water moccasin completely misses you. x2
You hit the water moccasin but do no damage.
The water moccasin is heavily wounded.
You feel very sick. The water moccasin misses you.
You barely miss the water moccasin.
The water moccasin is heavily wounded.
You feel very sick. The water moccasin misses you. x2
You closely miss the water moccasin.
The water moccasin is heavily wounded.
You feel sick. The water moccasin closely misses you.
You feel sick.
You feel sick. The water moccasin closely misses you.
You enter the shallow water.
Moving in this stuff is going to be slow.
You feel sick. The water moccasin closely misses you.
You feel sick. The water moccasin barely misses you.
You hit the water moccasin but do no damage.
The water moccasin is severely wounded.
You feel sick. The water moccasin bites you!
You die...

≈≈#.#)..#.......... .##..
##≈#.....#...#####.# .....
##≈≈####).#...####8.8
.....###≈≈≈#'....+..........
...~..#≈≈≈≈##...##.....##8.8
~~~~~~~≈≈≈≈##...####....##.#
≈~~~~~~≈≈≈~.(..............#
~≈~.~≈~≈~≈..................
~~≈~~~.~~~Ss................
...~.~....##.............>..
.......#####...#............
....... #...#............
....... #...##########...
....... ##### #... .......
#... ....... #### .......


You could see a water moccasin (poisoned).

Vanquished Creatures
  A black bear (D:5)
  3 ogres
  A centaur (D:4)
  Blork the orc (D:4)
  A scorpion (D:5)
  A jelly (D:4)
  2 orc priests (D:5)
  3 hounds
  2 iguanas (D:4)
  Jessica (D:3)
  Terence (D:2)
  Natasha (thrice) (D:3)
  2 orc wizards
  Robin (D:2)
  A gnoll (D:4)
  4 adders
  2 shadow imps
  A white imp (D:5)
  2 worms (D:3)
  A dart slug (D:5)
  12 orcs
  7 ball pythons
  6 endoplasms
  6 giant cockroaches
  12 goblins
  7 hobgoblins
  5 jackals
  5 quokkas
  4 bats
  5 frilled lizards
  6 kobolds
  6 rats
115 creatures vanquished.

Vanquished Creatures (others)
  2 plants (D:4)
2 creatures vanquished.

Grand Total: 117 creatures vanquished

Notes
Turn   | Place    | Note
-------+----------+-------------------------------------------
     0 | D:1      | VictoriousLee the Spriggan Transmuter began the quest for
                  | the Orb.
     0 | D:1      | Reached XP level 1. HP: 9/9 MP: 5/5
   116 | D:1      | Reached skill level 1 in Short Blades
   116 | D:1      | Reached skill level 1 in Stealth
   248 | D:1      | Reached XP level 2. HP: 7/14 MP: 4/6
   631 | D:1      | Reached skill level 2 in Stealth
   908 | D:1      | Found a faded altar of an unknown god.
   966 | D:1      | Reached XP level 3. HP: 17/17 MP: 8/8
  1364 | D:2      | Noticed Robin
  1413 | D:2      | Killed Robin
  1795 | D:2      | Reached skill level 3 in Stealth
  1982 | D:2      | Reached XP level 4. HP: 21/21 MP: 9/9
  2104 | D:2      | Noticed Terence
  2123 | D:2      | Killed Terence
  2419 | D:3      | Noticed Jessica
  2440 | D:3      | Killed Jessica
  2476 | D:3      | Reached skill level 4 in Stealth
  2489 | D:3      | Reached XP level 5. HP: 14/25 MP: 10/10
  2722 | D:3      | Learned a level 3 spell: Spider Form
  2797 | D:3      | Noticed Natasha
  2806 | D:3      | Killed Natasha
  3290 | D:3      | Noticed Natasha
  3302 | D:3      | Killed Natasha
  3303 | D:3      | Reached skill level 1 in Poison Magic
  3673 | D:4      | Noticed Blork the orc
  3962 | D:3      | Noticed Natasha
  4172 | D:3      | Killed Natasha
  4448 | D:4      | Found a staircase to the Ecumenical Temple.
  4504 | D:4      | Reached XP level 6. HP: 9/29 MP: 11/11
  4824 | D:4      | Reached skill level 5 in Transmutations
  4872 | Temple   | Entered the Ecumenical Temple
  4872 | Temple   | Found a transporter.
  4872 | Temple   | Found a transporter.
  5004 | Temple   | Found a transporter.
  5004 | Temple   | Found a transporter.
  5072 | Temple   | Became a worshipper of the Wu Jian Council
  5385 | D:4      | Reached XP level 7. HP: 32/32 MP: 12/12
  5689 | D:4      | Killed Blork the orc
  5988 | D:5      | Entered Level 5 of the Dungeon
  6257 | D:4      | Learned a level 4 spell: Ice Form
  6519 | D:5      | Reached skill level 5 in Stealth
  6763 | D:5      | Reached * piety under Wu Jian
  6764 | D:5      | Reached skill level 6 in Stealth
  6938 | D:5      | Reached XP level 8. HP: 22/37 MP: 11/13
  7197 | D:5      | Reached skill level 7 in Stealth
  7490 | D:5      | Slain by a water moccasin

Illustrated notes

Levels and vault maps discovered:
D:1:      sevenhm_arrival_forest_fort_small_6, layout_loops_ring,
          hellmonk_ecumenical_altar_leap_of_faith
D:2:      layout_loops_ring, uniq_robin, uniq_terence
D:3:      layout_loops_ring, st_stairs_6, uniq_natasha, uniq_jessica
D:4:      wad_river_or_something, layout_basic,
          minmay_temple_entry_gardened_gates, uniq_blork_the_orc
D:5:      layout_basic, nicolae_hepliaklqana_monster_ancestors, serial_rivers,
          chequers_serial_rivers_room_a, chequers_serial_rivers_large_a,
          chequers_serial_rivers_room_b, chequers_serial_rivers_micro_b,
          small_statue_intersection, lemuel_old_faithful
Temple:   hellmonk_temple_divided_pantheon

Skill      XL: |  1  2  3  4  5  6  7  8 |
---------------+-------------------------+-----
Short Blades   | 1 2 3 4 |  4.2
Stealth        | 1 2 3 4 6 7 |  7.2
Transmutations | 4 6 |  6.7
Poison Magic   | 1 3 4 |  4.1
Evocations     | 3 4 |  4.3
Fighting       | |  0.7
Dodging        | |  2.6
Unarmed Combat | |  2.4
Spellcasting   | |  2.6

Action                   |  1- 3 |  4- 6 |  7- 9 || total
-------------------------+-------+-------+-------++-------
Melee: Unarmed           |    17 |     1 |    73 ||    91
       Kick              |    17 |    38 |    11 ||    66
       Club              |    10 |       |       ||    10
       Headbutt          |     3 |    20 |     4 ||    27
       Dagger            |   110 |   168 |    42 ||   320
       Punch             |     3 |     3 |       ||     6
Throw: Dart              |       |     4 |       ||     4
 Cast: Beastly Appendage |    16 |    19 |     7 ||    42
       Spider Form       |       |       |    11 ||    11
Invok: Lunge             |       |     2 |     6 ||     8
       Whirlwind         |       |       |     2 ||     2
 Abil: End Transformatio |       |       |     1 ||     1
Evoke: Wand              |       |     3 |     2 ||     5
  Use: Scroll            |       |     2 |       ||     2
 Stab: Sleeping          |       |     4 |     3 ||     7
Armor: Robe              |     4 |       |       ||     4
       Ice dragon scales |    33 |    13 |       ||    46
       Animal skin       |       |    13 |    13 ||    26
       Skin              |       |       |    13 ||    13
Dodge: Dodged            |    76 |    81 |    93 ||   250
